 Dungeon Crawl Stone Soup version 0.23.0 (webtiles) character file.

Game seed: 1796251453814575438

2571 Arum the Skirmisher (level 9, -3/72 HPs)
             Began as a Demonspawn Gladiator on Feb 13, 2019.
             Was an Initiate of Gozag.
             Slain by an efreet
             ... wielding a +3 scimitar of flaming
              (7 damage)
             ... on level 9 of the Dungeon.
             The game lasted 00:10:51 (6133 turns).

Arum the Skirmisher (Demonspawn Gladiator)          Turns: 6133, Time: 00:10:52

Health: -3/72      AC: 15    Str: 16    XL:     9   Next: 32%
Magic:  9/9        EV: 15    Int: 10    God:    Gozag
Gold:   742        SH:  5    Dex: 18    Spells: 8/8 levels left

rFire    . . .     SeeInvis .   a - +0 long sword
rCold    + . .     Gourm    .   A - +0 buckler
rNeg     . . .     Faith    .   e - +0 ring mail
rPois    +         Spirit   .   (helmet restricted)
rElec    .         Reflect  .   z - +1 cloak
rCorr    .         Harm     .   o - +0 pair of gloves
MR       +....                  H - +0 pair of boots
Stlth    +.........             u - amulet of regeneration
HPRegen  0.62/turn              E - ring of Autumn {rPois rC+ Dex+2}
MPRegen  0.11/turn              D - ring of protection from magic

@: sanguine armour
A: horns 2, demonic guardian 1, spiny 1, sanguine armour 1
a: Potion Petition, Call Merchant, Bribe Branch, Renounce Religion


You were on level 9 of the Dungeon.
You worshipped Gozag.
Gozag was pleased with you.
You were not hungry.

You visited 1 branch of the dungeon, and saw 9 of its levels.

You collected 1415 gold pieces.
You spent 646 gold pieces at shops.
You paid 27 gold pieces to Gozag.

Inventory:

Hand Weapons
 a - a +0 long sword (weapon)
Missiles
 b - 4 tomahawks (quivered)
 d - 3 throwing nets
 n - 2 javelins
Armour
 e - a +0 ring mail (worn)
 o - a +0 pair of gloves (worn)
 z - a +1 cloak (worn)
 A - a +0 buckler (worn)
 H - a +0 pair of boots (worn)
Jewellery
 u - an amulet of regeneration (around neck)
 w - an uncursed ring of protection from cold
 D - a ring of protection from magic (right hand)
 E - the ring of Autumn (left hand) {rPois rC+ Dex+2}
   (You bought it in a shop on level 8 of the Dungeon)

   [ring of protection from cold]

   It affects your dexterity (+2).
   It protects you from cold.
   It protects you from poison.
Wands
 B - a wand of paralysis (9)
Scrolls
 f - a scroll of blinking {unknown}
 g - 8 scrolls of teleportation
 h - 4 scrolls of identify
 j - 2 scrolls of random uselessness {unknown}
 k - a scroll of amnesia {unknown}
 l - a scroll of fog {unknown}
 p - a scroll of enchant weapon {unknown}
 t - 2 scrolls of remove curse {unknown}
 x - a scroll of vulnerability {unknown}
 y - a scroll of fear {unknown}
 C - a scroll of silence {unknown}
Potions
 i - 8 potions of curing
 m - 4 potions of heal wounds {unknown}
 q - a potion of haste {unknown}
 r - 4 potions of agility {unknown}
 s - a potion of resistance {unknown}
 v - 2 potions of ambrosia {unknown}
 F - a potion of lignification {unknown}
 G - a potion of degeneration {unknown}
 I - a potion of brilliance {unknown}
Comestibles
 c - 6 rations


   Skills:
 + Level 7.5 Fighting
 + Level 7.2 Long Blades
 - Level 1.7 Throwing
 - Level 6.0 Dodging
 - Level 4.0 Shields


You had 8 spell levels left.
You didn't know any spells.
Your spell library contained the following spells:

 Spells                   Type           Power        Failure   Level  Hunger
 Confusing Touch          Hex            #.....       58%         1    ##.....
 Magic Dart               Conj           #...         58%         1    ##.....
 Blink                    Tloc           N/A          73%         2    ###....
 Call Imp                 Summ           #.......     73%         2    ###....
 Slow                     Hex            #.......     73%         2    ###....
 Confuse                  Hex            #.......     91%         3    ####...
 Conjure Flame            Conj/Fire      #.......     91%         3    ####...
 Gell's Gravitas          Tloc           #.........   91%         3    ####...
 Mephitic Cloud           Conj/Pois/Air  #.......     91%         3    ####...
 Petrify                  Tmut/Erth      #.......     100%        4    #####..
 Metabolic Englaciation   Hex/Ice        #.........   100%        5    ######.
 Yara's Violent Unravell  Hex/Tmut       #.........   100%        5    ######.


Dungeon Overview and Level Annotations

Branches:
Dungeon (9/15)             Temple (0/1) D:7
   Lair: D:8-11         Orc: D:9-12

Altars:
Ashenzari
Cheibriados
Gozag
Kikubaaqudgha
Makhleb
Nemelex Xobeh
Qazlal
Ru
Trog
Vehumet
Wu Jian
Yredelemnul
Zin

Shops:
D:8 =


Innate Abilities, Weirdness & Mutations

You have a pair of horns on your head.
A weak demonic guardian rushes to your aid.
You are partially covered in sharp spines.
When seriously injured, your bleeding wounds create armour. (AC +6)


Message History

The efreet is moderately wounded.
The efreet closely misses you.
You riposte.
You hit the efreet.
The efreet is heavily wounded.
Your iron imp hits the efreet but does no damage.
You hit the efreet but do no damage.
You headbutt the efreet, but do no damage.
The efreet is heavily wounded.
The efreet gestures at you.
The fireball explodes!
The fireball engulfs you!
The fireball engulfs the efreet.
The efreet completely resists.
The fireball engulfs your iron imp.
Your iron imp completely resists.
You barely miss the efreet. You headbutt the efreet.
The efreet is heavily wounded.
Your iron imp hits the efreet.
The efreet hits you with a +3 scimitar of flaming!!
* * * LOW HITPOINT WARNING * * *
The efreet burns you!
You die...
Your body crumbles into a pile of gold.

#..............# ...
##.......#####.###....
#..........))........
#.........()...##....
#####.#....))....#
#.#######....#
#............#
#######...#....#
.....lR@.......#
.....l#5..###<##
......#.....#.# ...##
#.###.#.# .. #.# .#.#
. #.# # #.. ###


You could see an efreet, an iguana, a leopard gecko and a friendly iron imp.

Vanquished Creatures
  A hungry ghost (D:6)
  Edmund (D:5)
  A water moccasin (D:8)
  2 ice beasts
  2 centaurs (D:8)
  2 ogres
  2 bullfrogs
  2 big kobolds
  A scorpion (D:4)
  A howler monkey (D:4)
  A jelly (D:6)
  4 crimson imps
  A quasit (D:8)
  An orc wizard (D:4)
  3 hounds
  An orc priest (D:4)
  A bullfrog skeleton (D:7)
  A centaur skeleton (D:4)
  3 iguanas
  8 worker ants
  A killer bee zombie (D:8)
  A mummy (D:7)
  3 gnolls (D:8)
  9 adders
  A shadow imp (D:8)
  2 adder skeletons (D:4)
  An adder zombie (D:9)
  2 worms
  2 dart slugs
  2 leopard geckos
  12 orcs
  A ball python (D:2)
  8 bats
  9 giant cockroaches
  9 hobgoblins
  8 jackals
  6 quokkas
  5 frilled lizards
  3 goblins
  28 kobolds
  5 rats
157 creatures vanquished.

Vanquished Creatures (collateral kills)
  A sky beast (D:8)
  An ogre (D:4)
  An eye of draining (D:9)
  A centaur (D:6)
  A bullfrog (D:8)
  A big kobold (D:9)
  A hound (D:4)
  An orc wizard (D:4)
  A bullfrog skeleton (D:8)
  A worker ant zombie (D:6)
  3 orcs (D:4)
  2 jackals (D:4)
  5 kobolds
20 creatures vanquished.

Grand Total: 177 creatures vanquished

Notes
Turn   | Place    | Note
-------+----------+-------------------------------------------
     0 | D:1      | Arum the Demonspawn Gladiator began the quest for the Orb.
     0 | D:1      | Reached XP level 1. HP: 16/16 MP: 1/1
   324 | D:1      | Gained mutation: You are partially covered in sharp spines.
                  | [demonic ancestry]
   324 | D:1      | Reached XP level 2. HP: 15/22 MP: 2/2
   900 | D:1      | Reached XP level 3. HP: 28/28 MP: 3/3
   989 | D:2      | Found an opulent altar of Gozag.
   997 | D:2      | Became a worshipper of Gozag Ym Sagoz the Greedy
  1586 | D:3      | Found a sparkling altar of Nemelex Xobeh.
  1629 | D:3      | Found a bloodstained altar of Trog.
  1629 | D:3      | Found a stormy altar of Qazlal.
  1758 | D:3      | Gained mutation: You have a pair of small horns on your
                  | head. [demonic ancestry]
  1758 | D:3      | Reached XP level 4. HP: 10/34 MP: 4/4
  2380 | D:4      | Gained mutation: A weak demonic guardian rushes to your
                  | aid. [demonic ancestry]
  2380 | D:4      | Reached XP level 5. HP: 33/41 MP: 5/5
  2721 | D:4      | Found a basalt altar of Yredelemnul.
  2721 | D:4      | Found a sacrificial altar of Ru.
  2908 | D:4      | Gained mutation: You have a pair of horns on your head.
                  | [demonic ancestry]
  2908 | D:4      | Reached XP level 6. HP: 43/48 MP: 6/6
  3242 | D:4      | Gained mutation: When seriously injured, your bleeding
                  | wounds create armour. (AC +6) [demonic ancestry]
  3242 | D:4      | Reached XP level 7. HP: 40/55 MP: 7/7
  3267 | D:4      | Found a glowing silver altar of Zin.
  3378 | D:5      | Entered Level 5 of the Dungeon
  3603 | D:5      | Found an ornate altar of the Wu Jian Council.
  3705 | D:5      | Noticed Edmund
  3719 | D:5      | Killed Edmund
  3719 | D:5      | Reached skill level 5 in Fighting
  3719 | D:5      | Reached skill level 5 in Long Blades
  3719 | D:5      | Reached skill level 5 in Dodging
  4154 | D:6      | Found a shattered altar of Ashenzari.
  4289 | D:6      | Noticed a hungry ghost
  4301 | D:6      | Killed a hungry ghost
  4301 | D:6      | Reached XP level 8. HP: 64/64 MP: 8/8
  4865 | D:7      | Found an ornate altar of the Wu Jian Council.
  4973 | D:7      | Reached skill level 1 in Shields
  5001 | D:7      | Found a staircase to the Ecumenical Temple.
  5096 | D:7      | Found a snail-covered altar of Cheibriados.
  5274 | D:7      | Found an ancient bone altar of Kikubaaqudgha.
  5361 | D:8      | Found Yttimnig's Jewellery Boutique.
  5366 | D:8      | Bought the ring of Autumn {rPois rC+ Dex+2} for 646 gold
                  | pieces
  5456 | D:8      | Found a burning altar of Makhleb.
  5492 | D:8      | Found a radiant altar of Vehumet.
  5630 | D:8      | Reached XP level 9. HP: 40/71 MP: 9/9
  6120 | D:9      | Noticed an efreet
  6133 | D:9      | Slain by an efreet

Skill      XL: |  1  2  3  4  5  6  7  8  9 |
---------------+----------------------------+-----
Long Blades    | 3 4 5 6 7 |  7.2
Dodging        | 3 4 5 6 |  6.0
Fighting       | 3 4 5 6 7 |  7.5
Shields        | 3 4 |  4.0
Throwing       | |  1.7

Action                   |  1- 3 |  4- 6 |  7- 9 || total
-------------------------+-------+-------+-------++-------
Melee: Long sword        |   113 |    82 |   237 ||   432
       Headbutt          |       |    23 |    60 ||    83
Throw: Tomahawk          |       |       |     2 ||     2
  Use: Scroll            |       |       |     3 ||     3
 Stab: Distracted        |       |       |     6 ||     6
  Eat: Ration            |     1 |     1 |     3 ||     5
       Chunk             |     1 |       |       ||     1
Armor: Ring mail         |    42 |    24 |    59 ||   125
       Leather armour    |     1 |       |       ||     1
Dodge: Dodged            |    80 |    46 |   130 ||   256
Block: Buckler           |       |       |    31 ||    31
       Rpst.: Long sword |    29 |    18 |    33 ||    80
